NYP
LOS ANGELES (NYP) ANGELS @ MAHONING VALLEY SCRAPPERS
04/29/2045
 
TOP OF THE 1ST
Los Angeles (NYP) Angels batting - Pitching for Mahoning Valley Scrappers : LHP Kenji Yokoyama
Pitching: LHP Kenji Yokoyama
Batting: RHB Jose Ramirez 0-0: Called Strike
0-1: TRIPLE (Flyball, 78XD, EV 106.9 MPH)
Batting: RHB Ryan Pelletier 0-0: Ground out 5-3 (Groundball, 56S, EV 76.3 MPH)
Jose Ramirez scores
Batting: RHB Danny Bjarnson 0-0: Ball
1-0: Ball
2-0: Called Strike
2-1: Ball
3-1: SINGLE (Line Drive, 78S, EV 97.5 MPH)
Batting: RHB Jon Griffin 0-0: Ball
1-0: Ball
2-0: SINGLE (Line Drive, 7S, EV 109.4 MPH)
Danny Bjarnson to second
Batting: RHB Adam Noyes 0-0: Ball
1-0: Ball
2-0: Foul Ball, location: 2F
2-1: Foul Ball, location: 2F
2-2: Fielders Choice at 2nd, 3-6 (Groundball, 34, EV 85.6 MPH)
Danny Bjarnson to third
Batting: RHB Kinya Nishimura 0-0: Called Strike
0-1: Called Strike
0-2: Ball
1-2: Fielders Choice at 2nd, 6-4 (Groundball, 56, EV 96.3 MPH)
Top of the 1st over - 1 run, 3 hits, 0 errors, 2 left on base; Los Angeles (NYP) 1 - Mahoning Valley 0
BOTTOM OF THE 1ST
Mahoning Valley Scrappers batting - Pitching for Los Angeles (NYP) Angels : RHP Eddie Garabito
Pitching: RHP Eddie Garabito
Batting: RHB Kaoru Toda 0-0: Foul Ball, location: 2F
0-1: Ball
1-1: Foul Ball, location: 2F
1-2: Ball
2-2: Foul Ball, location: 2F
2-2: Fly out, F7 (Line Drive, 7, EV 105.6 MPH)
Batting: RHB Carlos Lopez 0-0: Fly out, F7 (Flyball, 78M, EV 85.0 MPH)
Batting: LHB Bobby Upton 0-0: Ball
1-0: Ball
2-0: Ball
3-0: Base on Balls
Batting: RHB Tommy Baird 0-0: Ball
1-0: Ball
2-0: Ball
3-0: Called Strike
3-1: Base on Balls
Bobby Upton to second
Batting: LHB Norihide Takata 0-0: Ball
1-0: Ball
2-0: Foul Ball, location: 2F
2-1: SINGLE (Groundball, 5D, EV 95.6 MPH)
Bobby Upton to third
Tommy Baird to second
Runner from 3rd tries for Home, SAFE, throw by LF to home
Batting: RHB Diwan Abdul-Salam 0-0: Fly out, F8 (Flyball, 8RXD, EV 97.5 MPH)
Bottom of the 1st over - 1 run, 1 hit, 0 errors, 2 left on base; Los Angeles (NYP) 1 - Mahoning Valley 1
TOP OF THE 2ND
Los Angeles (NYP) Angels batting - Pitching for Mahoning Valley Scrappers : LHP Kenji Yokoyama
Batting: LHB Sean Corderman 0-0: Ball
1-0: Ball
2-0: Ball
3-0: Base on Balls
Batting: RHB Edward Hillock 0-0: Called Strike
0-1: Foul Ball, location: 2F
0-2: Strikes out looking
Batting: LHB Mark Reeg 0-0: Swinging Strike
0-1: Ball
1-1: Ball
2-1: Foul Ball, location: 2F
2-2: Ball
Wild Pitch!
Sean Corderman to second
3-2: Strikes out swinging
Batting: RHB Jose Ramirez 0-0: Called Strike
0-1: Ball
1-1: Ball
2-1: Ball
3-1: Base on Balls
Batting: RHB Ryan Pelletier 0-0: Ball
1-0: Foul Ball, location: 2F
1-1: SINGLE (Line Drive, 8RS, EV 107.5 MPH)
Sean Corderman to third
Jose Ramirez to second
Runner from 3rd tries for Home, SAFE, throw by CF to home
Batting: RHB Danny Bjarnson 0-0: Ball
1-0: Swinging Strike
1-1: Ground out U3 (Groundball, 34S, EV 87.5 MPH)
Top of the 2nd over - 1 run, 1 hit, 0 errors, 2 left on base; Los Angeles (NYP) 2 - Mahoning Valley 1
BOTTOM OF THE 2ND
Mahoning Valley Scrappers batting - Pitching for Los Angeles (NYP) Angels : RHP Eddie Garabito
Batting: RHB Jonathan Underhill 0-0: Called Strike
0-1: Swinging Strike
0-2: Ball
1-2: SOLO HOME RUN (Flyball, 78XD, EV 105.0 MPH), Distance : 411 ft
Batting: RHB Chris Diaz 0-0: Ball
1-0: Foul Ball, location: 2F
1-1: Ball
2-1: Swinging Strike
2-2: Ball
3-2: Foul Ball, location: 2F
3-2: Base on Balls
Batting: RHB Zachary Sidney 0-0: Ball
1-0: Ball
2-0: Grounds into double play, 6-4-3 (Groundball, 6, EV 86.9 MPH)
Batting: RHB Kaoru Toda 0-0: Called Strike
0-1: Ball
1-1: Ball
2-1: Fly out, F9 (Flyball, 9LS, EV 75.0 MPH)
Bottom of the 2nd over - 1 run, 1 hit, 0 errors, 0 left on base; Los Angeles (NYP) 2 - Mahoning Valley 2
TOP OF THE 3RD
Los Angeles (NYP) Angels batting - Pitching for Mahoning Valley Scrappers : LHP Kenji Yokoyama
Batting: RHB Jon Griffin 0-0: Ball
1-0: Foul Ball, location: 2F
1-1: Foul Ball, location: 2F
1-2: Foul Ball, location: 2F
1-2: Ball
2-2: Strikes out swinging
Batting: RHB Adam Noyes 0-0: Foul Ball, location: 2F
0-1: Ground out 6-3 (Groundball, 6MS, EV 66.9 MPH)
Batting: RHB Kinya Nishimura 0-0: Ball
1-0: Swinging Strike
1-1: Ball
2-1: Ball
3-1: Base on Balls
Batting: LHB Sean Corderman 0-0: Ball
1-0: Ball
2-0: Ball
3-0: Called Strike
3-1: Base on Balls
Kinya Nishimura to second
Batting: RHB Edward Hillock 0-0: Ball
1-0: Swinging Strike
1-1: Ball
2-1: Called Strike
2-2: Ball
3-2: Base on Balls
Kinya Nishimura to third
Sean Corderman to second
Batting: LHB Mark Reeg 0-0: Ball
1-0: DOUBLE (Groundball, 3L, EV 97.5 MPH)
Kinya Nishimura scores
Sean Corderman scores
Edward Hillock to third
Runner from 3rd tries for Home, throw by RF and OUT! 9-4-2
Top of the 3rd over - 2 runs, 1 hit, 0 errors, 1 left on base; Los Angeles (NYP) 4 - Mahoning Valley 2
BOTTOM OF THE 3RD
Mahoning Valley Scrappers batting - Pitching for Los Angeles (NYP) Angels : RHP Eddie Garabito
Batting: RHB Carlos Lopez 0-0: Called Strike
0-1: Ball
1-1: Ball
2-1: Foul Ball, location: 2F
2-2: Foul Ball, location: 2F
2-2: Ball
3-2: Base on Balls
Batting: LHB Bobby Upton 0-0: Called Strike
Carlos Lopez steals 2nd base
0-1: SINGLE (Groundball, 4, EV 94.4 MPH)
Carlos Lopez to third
Runner from 3rd tries for Home, SAFE, throw by CF to home
Bobby Upton to second
Batting: RHB Tommy Baird 0-0: Ball
1-0: Ball
2-0: Ball
3-0: Called Strike
3-1: Foul Ball, location: 2F
3-2: Base on Balls
Batting: LHB Norihide Takata 0-0: Ball
Bobby Upton steals 3rd base
Tommy Baird to second
1-0: Ball
2-0: Ball
3-0: Called Strike
3-1: Base on Balls
Batting: RHB Diwan Abdul-Salam 0-0: Ball
Wild Pitch!
Bobby Upton scores
Tommy Baird to third
Norihide Takata to second
1-0: Called Strike
1-1: Ball
2-1: SINGLE (Groundball, P, EV 88.1 MPH) (infield hit)
Tommy Baird scores
Norihide Takata to third
Batting: RHB Jonathan Underhill 0-0: Called Strike
0-1: Foul Ball, location: 2F
0-2: Ball
1-2: SINGLE (Groundball, 34D, EV 107.5 MPH)
Norihide Takata scores
Diwan Abdul-Salam to second
Pitching: RHP Jamie Snyder
Batting: RHB Chris Diaz 0-0: Swinging Strike
0-1: Foul Ball, location: 2F
0-2: Ball
1-2: DOUBLE (Line Drive, 9LM, EV 102.5 MPH)
Diwan Abdul-Salam scores
Jonathan Underhill to third
Batting: RHB Zachary Sidney 0-0: Ball
1-0: Called Strike
1-1: Foul Ball, location: 2F
1-2: SINGLE (Line Drive, 89S, EV 104.4 MPH)
Jonathan Underhill scores
Chris Diaz to third
Batting: RHB Kaoru Toda 0-0: Ball
1-0: Fielders Choice at 2nd, 5-4 (Groundball, 5, EV 78.8 MPH)
Chris Diaz scores
Batting: RHB Carlos Lopez 0-0: Ball
Kaoru Toda steals 2nd base
1-0: Called Strike
Kaoru Toda steals 3rd base
1-1: Fly out, F6 (Line Drive, 6, EV 73.1 MPH)
Batting: LHB Bobby Upton 0-0: Called Strike
0-1: Ball
1-1: Called Strike
1-2: Foul Ball, location: 2F
1-2: Ball
2-2: Ball
3-2: Fly out, F9 (Flyball, 9S, EV 87.5 MPH)
Bottom of the 3rd over - 7 runs, 5 hits, 0 errors, 1 left on base; Los Angeles (NYP) 4 - Mahoning Valley 9
TOP OF THE 4TH
Los Angeles (NYP) Angels batting - Pitching for Mahoning Valley Scrappers : LHP Kenji Yokoyama
Batting: RHB Jose Ramirez 0-0: Called Strike
0-1: Ball
1-1: Foul Ball, location: 2F
1-2: Strikes out swinging
Batting: RHB Ryan Pelletier 0-0: Foul Ball, location: 2F
0-1: SINGLE (Line Drive, 6D, EV 105.0 MPH)
Pitching: LHP Alec Valencia
Batting: RHB Danny Bjarnson 0-0: Ball
Ryan Pelletier is caught stealing 2nd base 2-4
1-0: Called Strike
1-1: Foul Ball, location: 2F
1-2: Strikes out swinging
Top of the 4th over - 0 runs, 1 hit, 0 errors, 0 left on base; Los Angeles (NYP) 4 - Mahoning Valley 9
BOTTOM OF THE 4TH
Mahoning Valley Scrappers batting - Pitching for Los Angeles (NYP) Angels : RHP Jamie Snyder
Batting: RHB Tommy Baird 0-0: Ball
1-0: Ball
2-0: Swinging Strike
2-1: Ball
3-1: Swinging Strike
3-2: SINGLE (Groundball, 34D, EV 98.1 MPH)
Batting: LHB Norihide Takata 0-0: Ball
Tommy Baird steals 2nd, throwing error, E2
Tommy Baird to third
1-0: Ball
2-0: Called Strike
2-1: SINGLE (Line Drive, 8LS, EV 112.5 MPH)
Tommy Baird scores
Pitching: RHP Adam Hefner
Batting: RHB Diwan Abdul-Salam 0-0: Ball
1-0: Swinging Strike
1-1: Ball
2-1: Ball
3-1: Foul Ball, location: 2F
3-2: Foul Ball, location: 2F
3-2: Base on Balls
Norihide Takata to second
Batting: RHB Jonathan Underhill 0-0: Called Strike
0-1: Foul Ball, location: 2F
0-2: Foul Ball, location: 2F
0-2: Ball
1-2: Ball
2-2: Fielders Choice at 2nd, 3-6 (Groundball, 34, EV 100.0 MPH)
Norihide Takata to third
Batting: RHB Chris Diaz 0-0: Ball
1-0: Ball
2-0: Ball
3-0: Base on Balls
Jonathan Underhill to second
Batting: RHB Zachary Sidney 0-0: Called Strike
0-1: Ball
1-1: Called Strike
1-2: Ball
2-2: Fielders Choice at 3rd, U5 (Groundball, 5L, EV 82.5 MPH)
Norihide Takata scores
Chris Diaz to second
Batting: RHB Kaoru Toda 0-0: Ball
1-0: Called Strike
1-1: Ball
2-1: SINGLE (Flyball, 56D, EV 85.0 MPH)
Chris Diaz to third
Zachary Sidney to second
Runner from 3rd tries for Home, SAFE, throw by LF to home
Batting: RHB Carlos Lopez 0-0: Ball
1-0: Called Strike
1-1: Ball
2-1: Called Strike
2-2: Ball
3-2: Foul Ball, location: 2F
3-2: Strikes out swinging
Bottom of the 4th over - 3 runs, 3 hits, 1 error, 2 left on base; Los Angeles (NYP) 4 - Mahoning Valley 12
TOP OF THE 5TH
Los Angeles (NYP) Angels batting - Pitching for Mahoning Valley Scrappers : LHP Alec Valencia
Batting: RHB Jon Griffin 0-0: Ball
1-0: Foul Ball, location: 2F
1-1: Swinging Strike
1-2: Ball
2-2: Ball
3-2: Strikes out swinging
Batting: RHB Adam Noyes 0-0: Called Strike
0-1: Ball
1-1: Ball
2-1: Called Strike
2-2: Foul Ball, location: 2F
2-2: Ball
3-2: Base on Balls
Batting: RHB Kinya Nishimura 0-0: Swinging Strike
0-1: Called Strike
0-2: Ball
1-2: Ground out 6-3 (Groundball, 4MS, EV 78.8 MPH)
Adam Noyes to second
Batting: LHB Sean Corderman 0-0: Ball
1-0: Fly out, F9 (Flyball, 9LM, EV 95.0 MPH)
Top of the 5th over - 0 runs, 0 hits, 0 errors, 1 left on base; Los Angeles (NYP) 4 - Mahoning Valley 12
BOTTOM OF THE 5TH
Mahoning Valley Scrappers batting - Pitching for Los Angeles (NYP) Angels : RHP Adam Hefner
Batting: LHB Bobby Upton 0-0: Ball
1-0: Foul Ball, location: 2F
1-1: Ball
2-1: Ground out 6-3 (Groundball, 6D, EV 99.4 MPH)
Batting: RHB Tommy Baird 0-0: Ball
1-0: Called Strike
1-1: Foul Ball, location: 2F
1-2: Ball
2-2: Ball
3-2: Foul Ball, location: 2F
3-2: Foul Ball, location: 2F
3-2: Base on Balls
Pitching: RHP Arnold Frye
Batting: LHB Norihide Takata 0-0: Foul Ball, location: 2F
0-1: Foul Ball, location: 2F
0-2: Ball
1-2: Ball
2-2: Ball
3-2: Foul Ball, location: 2F
3-2: Foul Ball, location: 2F
3-2: Strikes out swinging
Batting: RHB Diwan Abdul-Salam 0-0: Foul Ball, location: 2F
0-1: Foul Ball, location: 2F
0-2: Ball
1-2: Ball
Wild Pitch!
Tommy Baird to second
2-2: Foul Ball, location: 2F
2-2: Ground out 6-3 (Groundball, 6, EV 85.6 MPH)
Bottom of the 5th over - 0 runs, 0 hits, 0 errors, 1 left on base; Los Angeles (NYP) 4 - Mahoning Valley 12
TOP OF THE 6TH
Los Angeles (NYP) Angels batting - Pitching for Mahoning Valley Scrappers : LHP Alec Valencia
Batting: RHB Edward Hillock 0-0: Ball
1-0: Ball
2-0: Foul Ball, location: 2F
2-1: Ball
3-1: Base on Balls
Batting: LHB Mark Reeg 0-0: Swinging Strike
0-1: Ball
1-1: Ball
2-1: Foul Ball, location: 2F
2-2: Foul Ball, location: 2F
2-2: Fly out, F9 (Flyball, 9D, EV 99.4 MPH)
Pitching: RHP Howard Allen
Batting: RHB Jose Ramirez Pickoff Throw to First - Out! 1-3
0-0: Called Strike
0-1: Foul Ball, location: 2F
0-2: Ball
1-2: Ball
2-2: Strikes out swinging
Top of the 6th over - 0 runs, 0 hits, 0 errors, 0 left on base; Los Angeles (NYP) 4 - Mahoning Valley 12
BOTTOM OF THE 6TH
Mahoning Valley Scrappers batting - Pitching for Los Angeles (NYP) Angels : RHP Arnold Frye
Batting: RHB Jonathan Underhill 0-0: Called Strike
0-1: Ball
1-1: DOUBLE (Line Drive, 9LM, EV 101.3 MPH)
Batting: RHB Chris Diaz 0-0: Called Strike
0-1: Ground out 1-3 (Groundball, 15S, EV 67.5 MPH)
Batting: RHB Zachary Sidney 0-0: Called Strike
0-1: Ground out 5-3 (Groundball, 56, EV 104.4 MPH)
Batting: RHB Kaoru Toda 0-0: Called Strike
0-1: Fly out, F9 (Flyball, 89D, EV 94.4 MPH)
Bottom of the 6th over - 0 runs, 1 hit, 0 errors, 1 left on base; Los Angeles (NYP) 4 - Mahoning Valley 12
TOP OF THE 7TH
Los Angeles (NYP) Angels batting - Pitching for Mahoning Valley Scrappers : RHP Howard Allen
Batting: RHB Ryan Pelletier 0-0: Ground out 6-3 (Groundball, 56, EV 78.8 MPH)
Batting: RHB Danny Bjarnson 0-0: Foul Ball, location: 2F
0-1: Fly out, F6 (Line Drive, 6, EV 70.6 MPH)
Batting: RHB Jon Griffin 0-0: Ball
1-0: DOUBLE (Groundball, 5L, EV 98.1 MPH)
Batting: RHB Adam Noyes 0-0: Called Strike
0-1: Ball
1-1: Ball
2-1: Swinging Strike
2-2: Strikes out swinging
Top of the 7th over - 0 runs, 1 hit, 0 errors, 1 left on base; Los Angeles (NYP) 4 - Mahoning Valley 12
BOTTOM OF THE 7TH
Mahoning Valley Scrappers batting - Pitching for Los Angeles (NYP) Angels : RHP Arnold Frye
Pinch Hitting: RHB Ricky Trejo 0-0: Ball
1-0: Called Strike
1-1: Ball
2-1: Ball
3-1: Foul Ball, location: 2F
3-2: Foul Ball, location: 2F
3-2: Base on Balls
Pinch Hitting: SHB John Gernaat 0-0: SINGLE (Groundball, 4D, EV 106.3 MPH)
Ricky Trejo to second
Pinch Hitting: RHB Ricky Cordova 0-0: Swinging Strike
0-1: Swinging Strike
0-2: Foul Ball, location: 2F
0-2: Strikes out looking
Pitching: LHP Chris Fuller
Pinch Hitting: LHB Jim Polson 0-0: Ball
1-0: Ball
2-0: Fielders Choice at 2nd, 3-6 (Groundball, 34, EV 99.4 MPH)
Ricky Trejo to third
Batting: RHB Diwan Abdul-Salam 0-0: Ball
1-0: Ball
2-0: Ball
3-0: Base on Balls
Jim Polson to second
Pinch Hitting: RHB Justin Thacker 0-0: Called Strike
0-1: Ball
1-1: Foul Ball, location: 2F
1-2: Foul Ball, location: 2F
1-2: Foul Ball, location: 2F
1-2: SINGLE (Groundball, 56D, EV 96.9 MPH)
Ricky Trejo scores
Jim Polson to third
Diwan Abdul-Salam to second
Runner from 3rd tries for Home, SAFE, throw by LF to home
Pinch Hitting: LHB Justin Rankin 0-0: Ball
1-0: Ball
2-0: SINGLE (Line Drive, 6MD, EV 106.3 MPH)
Diwan Abdul-Salam to third
Justin Thacker to second
Runner from 3rd tries for Home, throw by CF and OUT! 8-2
Bottom of the 7th over - 2 runs, 3 hits, 0 errors, 2 left on base; Los Angeles (NYP) 4 - Mahoning Valley 14
TOP OF THE 8TH
Los Angeles (NYP) Angels batting - Pitching for Mahoning Valley Scrappers : RHP Howard Allen
Now at 2B: Justin Thacker
Now at 3B: Ricky Trejo
Now at SS: Jim Polson
Now in LF: Justin Rankin
Now in CF: John Gernaat
Now in RF: Ricky Cordova
Batting: RHB Kinya Nishimura 0-0: Ball
1-0: Called Strike
1-1: TRIPLE (Flyball, 89XD, EV 103.1 MPH)
Batting: LHB Sean Corderman 0-0: Ball
1-0: Called Strike
1-1: Foul Ball, location: 2F
1-2: Ball
2-2: Ball
3-2: Ground out 5-3 (Groundball, 5, EV 83.1 MPH)
Batting: RHB Edward Hillock 0-0: Foul Ball, location: 2F
0-1: Called Strike
0-2: Ball
1-2: Ball
2-2: Ball
3-2: SINGLE (Flyball, 78S, EV 93.1 MPH)
Kinya Nishimura scores
Batting: LHB Mark Reeg 0-0: Called Strike
0-1: Foul Ball, location: 2F
0-2: Ball
1-2: Ball
2-2: Fielders Choice at 2nd, 3-6 (Groundball, 34, EV 101.9 MPH)
Pitching: RHP Gilbert Paparelli
Batting: RHB Jose Ramirez 0-0: Called Strike
0-1: Foul Ball, location: 2F
0-2: Strikes out swinging
Top of the 8th over - 1 run, 2 hits, 0 errors, 1 left on base; Los Angeles (NYP) 5 - Mahoning Valley 14
BOTTOM OF THE 8TH
Mahoning Valley Scrappers batting - Pitching for Los Angeles (NYP) Angels : LHP Chris Fuller
Batting: RHB Zachary Sidney 0-0: Foul Ball, location: 2F
0-1: Ball
1-1: DOUBLE (Groundball, 5L, EV 101.9 MPH)
Pinch Hitting: RHB Allen Wozniak 0-0: Called Strike
0-1: Ball
1-1: Ball
2-1: Ball
3-1: Base on Balls
Pinch Hitting: RHB Jose Trevino 0-0: Ball
1-0: Ball
2-0: Called Strike
2-1: Called Strike
2-2: Ball
3-2: Base on Balls
Zachary Sidney to third
Allen Wozniak to second
Batting: SHB John Gernaat 0-0: Ball
1-0: Ball
2-0: Ball
3-0: Base on Balls
Zachary Sidney scores
Allen Wozniak to third
Jose Trevino to second
Pitching: RHP Hector Carrizales
Pinch Hitting: RHB Mario Trujillo 0-0: Called Strike
0-1: Ball
1-1: Ball
2-1: Ball
3-1: Called Strike
3-2: Strikes out looking
Pinch Hitting: RHB Steve Hasson 0-0: Ball
1-0: Swinging Strike
1-1: Ball
Wild Pitch!
Allen Wozniak scores
Jose Trevino to third
John Gernaat to second
2-1: Ball
3-1: Foul Ball, location: 2F
3-2: SINGLE (Groundball, 6S, EV 64.4 MPH) (infield hit)
Jose Trevino scores
John Gernaat to third
Batting: RHB Diwan Abdul-Salam 0-0: Ball
1-0: Called Strike
1-1: Foul Ball, location: 2F
1-2: Ball
2-2: Foul Ball, location: 2F
2-2: Ball
3-2: Base on Balls
Steve Hasson to second
Batting: RHB Justin Thacker 0-0: Ball
1-0: Ball
2-0: Swinging Strike
2-1: DOUBLE (Groundball, 5L, EV 103.8 MPH)
John Gernaat scores
Steve Hasson scores
Diwan Abdul-Salam to third
Batting: LHB Justin Rankin 0-0: Ball
1-0: SINGLE (Groundball, 4MD, EV 95.0 MPH)
Diwan Abdul-Salam scores
Justin Thacker to third
Runner from 3rd tries for Home, SAFE, throw by CF to home
Batting: RHB Zachary Sidney 0-0: DOUBLE (Groundball, 5L, EV 105.0 MPH)
Justin Rankin to third
Justin Rankin scores
Pitching: RHP Winikeneke Keikemamake
Batting: RHB Allen Wozniak 0-0: Ball
1-0: Foul Ball, location: 2F
1-1: Fly out, F7 (Flyball, 7LS, EV 73.8 MPH)
Batting: RHB Jose Trevino 0-0: Ball
1-0: Ball
2-0: Called Strike
2-1: Foul Ball, location: 2F
2-2: Foul Ball, location: 2F
2-2: Fly out, F8 (Flyball, 8LM, EV 84.4 MPH)
Bottom of the 8th over - 8 runs, 5 hits, 0 errors, 1 left on base; Los Angeles (NYP) 5 - Mahoning Valley 22
TOP OF THE 9TH
Los Angeles (NYP) Angels batting - Pitching for Mahoning Valley Scrappers : RHP Gilbert Paparelli
Now at 1B: Chris Slama
Now at 3B: Jose Trevino
Now at SS: Steve Hasson
Now in LF: Mario Trujillo
Now in RF: Justin Rankin
Batting: RHB Ryan Pelletier 0-0: Ball
1-0: SINGLE (Groundball, 5S, EV 62.5 MPH) (infield hit)
Batting: RHB Danny Bjarnson 0-0: DOUBLE (Line Drive, 9LM, EV 108.1 MPH)
Ryan Pelletier to third
Batting: RHB Jon Griffin 0-0: Fly out, F9 (Flyball, 89XD, EV 79.4 MPH)
Runner from 3rd tags up, SCORES, no throw by RF
Danny Bjarnson to third
Pinch Hitting: RHB Luis Garcia 0-0: Ball
1-0: SINGLE (Groundball, 34D, EV 96.9 MPH)
Danny Bjarnson scores
Batting: RHB Kinya Nishimura 0-0: Ground out 6-3 (Groundball, 6MS, EV 69.4 MPH)
Luis Garcia to second
Batting: LHB Sean Corderman 0-0: Ball
1-0: Foul Ball, location: 2F
1-1: Called Strike
1-2: Ball
2-2: Fly out, F8 (Flyball, 8RD, EV 101.3 MPH)
Top of the 9th over - 2 runs, 3 hits, 0 errors, 1 left on base; Los Angeles (NYP) 7 - Mahoning Valley 22
Wednesday, June 22nd , 2022 - OOTP Baseball 23.4 Build 64